 Dungeon Crawl Stone Soup version 0.20-a0-870-g4070442 (webtiles) character file.

97 FrozenPanda the Skirmisher (level 4, -1/36 HPs)
             Began as a Vine Stalker Chaos Knight on Mar 13, 2017.
             Succumbed to kobold's curare-tipped needle
             ... on level 3 of the Dungeon.
             The game lasted 00:03:47 (2121 turns).

FrozenPanda the Skirmisher (VSCK)                   Turns: 2121, Time: 00:03:48

Health: -1/36      AC: 22    Str: 14    XL:     4   Next: 68%
Magic:  1/5        EV:  2    Int: 12    God:    Xom [.*....]
Gold:   107        SH:  0    Dex: 15    Spells: 3/3 levels left

rFire    . . .     SeeInvis .   a - +0 falchion (chaos)
rCold    . . .     Gourm    .   (armour currently unavailable)
rNeg     + + +     Faith    .   (no shield)
rPois    +         Spirit   +   (helmet currently unavailable)
rElec    .         Reflect  .   (cloak currently unavailable)
rCorr    .         Harm     .   (gloves currently unavailable)
MR       .....     NoTele   +   (boots currently unavailable)
Stlth    ++........             (no amulet)
Regen    0.6/turn               (no ring)
MPRegen  0.1/turn               (no ring)

@: lethally poisoned (-1 -> -15), tree-form, slowed, very slow
A: (fangs 0), regeneration 1, magic shield, (antimagic bite), no potion heal 3,
rot immunity
a: Renounce Religion


You were on level 3 of the Dungeon.
You worshipped Xom.
You were a plaything of Xom.
You were not hungry.
You were a tree.
You visited 1 branch of the dungeon, and saw 3 of its levels.

You collected 107 gold pieces.

Inventory:

Hand Weapons
 a - a +0 falchion of chaos (weapon)
Missiles
 t - 80 stones (quivered)
Armour
 b - a +2 leather armour (melded)
Jewellery
 r - an uncursed ring of ice {unknown}
Scrolls
 d - a scroll of recharging {unknown}
 e - a scroll of random uselessness {unknown}
 f - 3 scrolls of remove curse
 i - a scroll of enchant armour {unknown}
 j - a scroll of identify {unknown}
 l - a scroll of noise {unknown}
 m - a scroll of fear {unknown}
 p - a scroll of amnesia {unknown}
 s - a scroll of immolation {unknown}
Potions
 g - a potion of lignification
 h - 2 potions of degeneration {unknown}
 k - a potion of flight {unknown}
 q - a potion of curing {unknown}
 u - a potion of cancellation {unknown}
Comestibles
 c - 2 bread rations
 n - a meat ration
 o - 2 fruits
 v - a royal jelly


   Skills:
 + Level 3.1 Fighting
 + Level 3.1 Long Blades
 + Level 2.4 Armour
 + Level 1.8 Dodging
 + Level 1.6 Stealth


You had 3 spell levels left.
You didn't know any spells.

Dungeon Overview and Level Annotations

Branches:
Dungeon (3/15)

Altars:


Innate Abilities, Weirdness & Mutations

((You have extremely sharp teeth.))
Your natural rate of healing is unusually fast.
When hurt, damage is shared between your health and your magic reserves.
((Your bite disrupts and absorbs the magic of your enemies.))
Potions cannot restore your health.
You are immune to rotting.


Message History

You have difficulty breathing.
You feel as though you will be slow longer.
The kobold shoots a curare-tipped needle.
The curare-tipped needle hits you.
You are lethally poisoned!
You have difficulty breathing.
* * * LOW HITPOINT WARNING * * *
You feel as though you will be slow longer.
Found 16 stones.
You see here 2 curare-tipped needles.
Okay, then.
As you read the scroll labeled TIKLYF MUOFOE, it crumbles to dust.
You feel blessed for a moment.
It was a scroll of remove curse.
* * * LOW HITPOINT WARNING * * *
You feel very sick.
It was a potion of lignification.
You turn into a tree.
Your +2 leather armour melds into your body.
Your roots penetrate the ground.
You die...
Xom howls with laughter!

#..(...... #........#
#......).# #........#
#........#
#####........#
.........K...#
####...♣.....#
#..#..(......#
#<.#.......[.#
###.####..#.#########
..........#.#
###.####..#.#
#.####..#.#
#.........#
#######.#.#


You could see a kobold.

Vanquished Creatures
  2 adders (D:2)
  A worm (D:2)
  2 dart slugs
  2 leopard geckos (D:1)
  2 giant cockroaches (D:1)
  A giant cockroach (shapeshifter) (D:2)
  9 goblins
  9 hobgoblins
  4 jackals (D:3)
  A quokka (D:2)
  3 bats (D:1)
  A frilled lizard (D:1)
  9 kobolds
  21 rats
67 creatures vanquished.

Notes
Turn   | Place    | Note
-------+----------+-------------------------------------------
     0 | D:1      | FrozenPanda the Vine Stalker Chaos Knight began the quest for the Orb.
     0 | D:1      | Reached XP level 1. HP: 11/11 MP: 2/2
   232 | D:1      | Reached XP level 2. HP: 11/16 MP: 3/3
   253 | D:1      | Reached skill level 1 in Stealth
   310 | D:1      | Reached skill level 1 in Dodging
   359 | D:1      | XOM: silly message
   414 | D:1      | Reached XP level 3. HP: 20/20 MP: 4/4
   773 | D:1      | XOM: silly message
  1082 | D:2      | XOM: mild Tmut miscast
  1088 | D:2      | Gained mutation: Your natural rate of healing is unusually fast. [Vine Stalker growth]
  1088 | D:2      | Reached XP level 4. HP: 11/24 MP: 5/5
  1110 | D:2      | Gained mutation: Your flesh is cold resistant. (rC+) [mutagenic meat]
  1111 | D:2      | Lost mutation: Your flesh is cold resistant. (rC+) [mutagenic meat]
  1733 | D:2      | XOM: god gift: 25 stones
  1792 | D:2      | XOM: noise
  2120 | D:3      | HP: 1/24 [poisoned by kobold (curare-tipped needle)]
  2121 | D:3      | Succumbed to kobold's curare-tipped needle

Vault maps used:
D:1:      sevenhm_arrival_forest_fort_large_4
D:2:      hangedman_decor_clover_reticule, minmay_rat_hole
D:3:      cheibrodos_thug_alley, yredelemnul_forgotten_temple_becter,
          lemuel_tele_altar

Skill      XL: |  1  2  3  4 |
---------------+-------------+-----
Stealth        | 1 |  1.6
Dodging        | 1 |  1.8
Fighting       | 3 |  3.1
Armour         | 2 |  2.4
Long Blades    | 3 |  3.1

Action                   |  1- 3 |  4- 6 || total
-------------------------+-------+-------++-------
Melee: Falchion          |   107 |    45 ||   152
       Bite              |    25 |    17 ||    42
  Use: Scroll            |       |     1 ||     1
       Potion            |       |     1 ||     1
 Stab: Distracted        |     1 |       ||     1
       Sleeping          |     2 |       ||     2
  Eat: Chunk             |     1 |     5 ||     6
Armor: Leather armour    |    45 |    15 ||    60
Dodge: Dodged            |    52 |    29 ||    81
       Rpst.: Falchion   |    16 |     6 ||    22
